 Dungeon Crawl Stone Soup version 0.17-b1-15-g0f5fb43 (webtiles) character file.

410 Eucla the Insei (level 6, 0/53 HPs)
             Began as a Draconian Monk on Nov 8, 2015.
             Slain by an ice beast (12 damage)
             ... on level 4 of the Dungeon.
             The game lasted 00:04:49 (2734 turns).

Eucla the Insei (Draconian Monk)                    Turns: 2734, Time: 00:04:49

Health: 0/53       AC:  7    Str: 14    XL:     6   Next: 58%
Magic:  6/6        EV: 14    Int: 11    God:
Gold:   119        SH:  0    Dex: 14    Spells: 0 memorised, 5 levels left

rFire  + . .     SeeInvis .       - Unarmed
rCold  x . .     Clarity  .     (armour unavailable)
rNeg   . . .     SustAt   .     (no shield)
rPois  .         Gourm    .     (helmet restricted)
rElec  .         Spirit   .     (no cloak)
rCorr  .         Warding  .     b - +0 pair of gloves
rMut   .         Stasis   .     (no boots)
MR     .....                    (no amulet)
Stlth  ++........               (no ring)
                                j - ring of fire

@: slowed, very slow, not resistant to hostile enchantments, unstealthy
A: unfitting armour, cold-blooded, AC +6
a: no special abilities


You were on level 4 of the Dungeon.
You were full.

You visited 1 branch of the dungeon, and saw 4 of its levels.
You also visited: Sewer.

You collected 119 gold pieces.

Inventory:

Armour
 b - a +0 pair of gloves (worn)
Jewellery
 j - a ring of fire (left hand)
Scrolls
 c - 2 scrolls of identify {unknown}
 e - 2 scrolls of magic mapping {unknown}
 f - a scroll of remove curse {unknown}
 i - 2 scrolls of fog {unknown}
 l - a scroll of enchant armour {unknown}
 n - 2 scrolls of fear {unknown}
 p - 2 scrolls of teleportation {unknown}
Potions
 d - 2 potions of flight {unknown}
 g - a potion of curing {unknown}
 o - 2 potions of degeneration {unknown}
 q - a potion of brilliance {unknown}
Books
 k - a book of Changes

   Spells                             Type                      Level
   a - Beastly Appendage              Transmutation                1
   b - Sticks to Snakes               Transmutation                2
   c - Spider Form                    Transmutation/Poison         3
   d - Ice Form                       Ice/Transmutation            4
   e - Blade Hands                    Transmutation                5
 m - a book of Party Tricks

   Spells                             Type                      Level
   a - Summon Butterflies             Summoning                    1
   b - Apportation                    Translocation                1
   c - Tukima's Dance                 Hexes                        3
   d - Alistair's Intoxication        Transmutation/Poison         4
   e - Invisibility                   Hexes                        6
Comestibles
 a - 2 bread rations
 h - a meat ration


   Skills:
 + Level 4.7 Fighting
 + Level 4.0 Dodging
 - Level 1.7 Stealth
 * Level 6.5 Unarmed Combat


You had 5 spell levels left.
You didn't know any spells.

Dungeon Overview and Level Annotations

Branches:
Dungeon (4/15)
 Temple: D:4-7

Altars:
Elyvilon
Qazlal
Xom
Zin


Innate Abilities, Weirdness & Mutations

Your plain brown scales are hard (AC +6).
Your body does not fit into most forms of armour.
You are cold-blooded and may be slowed by cold attacks.


Message History

Unknown command.
You barely miss the ice beast.
The ice beast is moderately wounded.
The ice beast completely misses you.
You hit the ice beast.
The ice beast is heavily wounded.
You hit the ice beast.
The ice beast is severely wounded.
The ice beast hits you. The ice beast freezes you!!
You feel a terrible chill!
You feel yourself slow down.
Unknown command.
You hit the ice beast.
The ice beast is almost dead.
The ice beast hits you. The ice beast freezes you!!
You feel a terrible chill!
* * * LOW HITPOINT WARNING * * *
The ice beast hits you.
* * * LOW HITPOINT WARNING * * *
The ice beast freezes you!
You feel a terrible chill!
You feel as though you will be slow longer.
You die...

#.###.# ..##.# #.##.##
############.##..# #.
..............#..# ..
............#.#..##.###
......................#
............#....##.#(#
.<..........##..@Y..#.#.
............##..........
...[..(.....##...##...##
....(.......##.>..#.###
.........†..####....####
##########..)..........#
#........!..##
#.......)...#
#...........#


You could see an ice beast.

Vanquished Creatures
  Purgy (Sewer)
  3 crimson imps (D:3)
  An orc wizard (D:3)
  2 worker ants
  6 adders
  A river rat (D:3)
  2 worms
  A giant gecko (D:3)
  5 orcs (D:3)
  A ball python (D:3)
  9 bats
  7 giant cockroaches
  4 goblins
  5 hobgoblins
  15 kobolds
  2 quokkas
  2 giant newts
  8 rats
75 creatures vanquished.

Notes
Turn   | Place    | Note
--------------------------------------------------------------
     0 | D:1      | Eucla the Draconian Monk began the quest for the Orb.
     0 | D:1      | Reached XP level 1. HP: 19/19 MP: 1/1
   152 | D:1      | Reached XP level 2. HP: 20/26 MP: 2/2
   954 | D:2      | Reached XP level 3. HP: 26/31 MP: 3/3
  1424 | D:3      | Found a glowing silver altar of Zin.
  1496 | D:3      | Found a glowing drain.
  1528 | D:3      | Reached skill level 5 in Unarmed Combat
  1548 | Sewer    | Entered a sewer
  1732 | Sewer    | Noticed Purgy
  1741 | Sewer    | Killed Purgy
  1741 | Sewer    | Reached XP level 4. HP: 36/40 MP: 4/4
  1741 | Sewer    | Reached XP level 5. HP: 41/46 MP: 5/5
  1816 | D:3      | Found a shimmering altar of Xom.
  1851 | D:3      | Paralysed by a crimson imp for 7 turns
  1914 | D:3      | Reached skill level 6 in Unarmed Combat
  1980 | D:3      | Reached XP level 6. HP: 39/53 MP: 6/6
  2056 | D:3      | Found a white marble altar of Elyvilon.
  2399 | D:3      | Found a stormy altar of Qazlal.
  2734 | D:4      | Slain by an ice beast

Action                   |  1- 3 |  4- 6 || total
-------------------------+-------+-------++-------
Melee: Unarmed           |   125 |   181 ||   306
  Use: Potion            |     3 |       ||     3
 Stab: Sleeping          |     4 |     1 ||     5
       Distracted        |     1 |       ||     1
       Invisible         |       |     3 ||     3
  Eat: Pizza             |     1 |       ||     1
       Chunk             |     1 |       ||     1
       Fruit             |       |     4 ||     4
       Meat ration       |       |     1 ||     1
